 Dungeon Crawl Stone Soup version 0.23-a0-494-g91793a9 (webtiles) character file.

42 zishaf the Insei (level 3, 0/18 HPs)
             Began as a Vine Stalker Transmuter on Dec 4, 2018.
             Succumbed to an adder's poison
             ... on level 1 of the Dungeon.
             The game lasted 00:02:50 (1616 turns).

zishaf the Insei (Vine Stalker Transmuter)          Turns: 1616, Time: 00:02:50

Health: 0/18       AC:  5    Str: 12    XL:     3   Next: 54%
Magic:  7/7        EV: 11    Int: 14    God:
Gold:   119        SH:  0    Dex: 14    Spells: 5/6 levels left

rFire    . . .     SeeInvis .     - Unarmed
rCold    . . .     Gourm    .   (no shield)
rNeg     . . .     Faith    .   k - +0 ring mail
rPois    .         Spirit   +   (no helmet)
rElec    .         Reflect  .   (no cloak)
rCorr    .         Harm     .   (no gloves)
MR       .....                  (no boots)
Stlth    +.........             (no amulet)
HPRegen  0.06/turn              (no ring)
MPRegen  0.10/turn              (no ring)

@: lethally poisoned (0 -> -1)
A: fangs 2, magic shield, antimagic bite, no potion heal 3, rot immunity
a: no special abilities


You were on level 1 of the Dungeon.
You were not hungry.

You visited 1 branch of the dungeon, and saw 2 of its levels.

You collected 119 gold pieces.

Inventory:

Hand Weapons
 a - a +0 hunting sling
Missiles
 c - 12 arrows
 f - 15 poisoned needles
 j - 20 stones (quivered)
Armour
 b - a +0 robe
 i - a +0 leather armour
 k - a +0 ring mail (worn)
Jewellery
 h - an uncursed amulet of faith
Scrolls
 l - a scroll of amnesia {unknown}
Comestibles
 d - 3 rations
 g - 3 chunks of flesh


   Skills:
 * Level 1.9 Fighting
 * Level 0.2 Slings
 + Level 1.9 Dodging
 + Level 3.3 Unarmed Combat
 - Level 2.1 Spellcasting
 + Level 2.4 Transmutations


You had 5 spell levels left.
You knew the following spells:

 Your Spells              Type           Power        Failure   Level  Hunger
a - Beastly Appendage     Tmut           #.....       21%         1    #......

Your spell library contained the following spells:

 Spells                   Type           Power        Failure   Level  Hunger
 Sticks to Snakes         Tmut           #.......     30%         2    ###....
 Spider Form              Tmut/Pois      #.........   67%         3    ###....
 Ice Form                 Ice/Tmut       #.......     97%         4    #####..
 Blade Hands              Tmut           #.........   99%         5    ######.


Dungeon Overview and Level Annotations

Branches:
Dungeon (2/15)

Altars:


Innate Abilities, Weirdness & Mutations

You have extremely sharp teeth.
When hurt, damage is shared between your health and your magic reserves.
Your bite disrupts and absorbs the magic of your enemies.
Potions cannot restore your health.
You are immune to rotting.


Message History

* * * LOW HITPOINT WARNING * * *
You feel sick.
An adder comes into view.
* * * LOW HITPOINT WARNING * * *
You feel sick.
The adder hisses angrily.
A kobold comes into view. It is wielding a +0 short sword.
Found a quarterstaff.
There is a stone staircase leading up here.
You climb upwards.
* * * LOW HITPOINT WARNING * * *
You feel sick.
There is a stone staircase leading down here.
There is a lethal amount of poison in your body!
It was a potion of heal wounds.
That seemed strangely inert.
There is a lethal amount of poison in your body!
There is a lethal amount of poison in your body!
There is a lethal amount of poison in your body!
There is a lethal amount of poison in your body!
You die...

#.# # #######.######## # ##
#......รท.......# #
.###.#####........# #
..##.####...#####.# #
.............####.###### #
..##.##................# ###
.###.#####..#####.####.# #.. .#
#.#####......@.# ##.## #.#
.###..............# #...# #.#
..###.#......###### #...# ###..
#.....#.####.# #...# #....
..##..#......## ####.# #.#.#
.###..#...#...## ##.##.# #.#.#
..##......#....####...#.#####.#..
.....####.#....'..)..............
..........#....####...#.#####....


There were no monsters in sight!

Vanquished Creatures
  An adder (D:2)
  An ooze (D:1)
  A dart slug (D:1)
  A leopard gecko (D:1)
  A ball python (D:1)
  3 giant cockroaches (D:1)
  A goblin (D:1)
  2 hobgoblins (D:1)
  2 kobolds (D:1)
  3 bats
  3 frilled lizards (D:1)
  6 rats (D:1)
25 creatures vanquished.

Notes
Turn   | Place    | Note
-------+----------+-------------------------------------------
     0 | D:1      | zishaf the Vine Stalker Transmuter began the quest for the
                  | Orb.
     0 | D:1      | Reached XP level 1. HP: 9/9 MP: 4/4
    44 | D:1      | Reached skill level 1 in Fighting
   611 | D:1      | Reached XP level 2. HP: 6/14 MP: 3/6
  1285 | D:1      | Reached XP level 3. HP: 18/18 MP: 7/7
  1616 | D:1      | Succumbed to an adder's poison

Vault maps used:
D:1:      dpeg_arrival_tiny_g, chequers_serial_rivers_micro_b,
          minmay_tetromino_i4
D:2:      chequers_temple_overflow_statue_of_worship

Skill      XL: |  1 |
---------------+----+-----
Fighting       | 1 |  1.9
Slings         | |  0.2
Dodging        | |  1.9
Unarmed Combat | |  3.3
Spellcasting   | |  2.1
Transmutations | |  2.4

Action                   || total
-------------------------++-------
Melee: Unarmed           ||    90
       Bite              ||    18
       Punch             ||     2
 Fire: Hunting sling     ||    27
  Use: Potion            ||     1
 Stab: Sleeping          ||     3
  Eat: Chunk             ||     2
Armor: Robe              ||     2
       Leather armour    ||     2
       Ring mail         ||    22
Dodge: Dodged            ||    60

Table legend:
 A = Non-vault XP
 B = Vault XP
 C = Vault XP percentage of total XP
 D = Non-vault monster count
 E = Vault monster count
 F = Vault count percentage of total count
                 A         B        C        D         E       F
            +---------+---------+-------+---------+---------+-------
      Total |      56 |       4 |   6.7 |      22 |       3 |  12.0
            +---------+---------+-------+---------+---------+-------
        D:1 |      38 |       4 |   9.5 |      19 |       3 |  13.6
        D:2 |      18 |       0 |   0.0 |       3 |       0 |   0.0
            +---------+---------+-------+---------+---------+-------
